Map: Orbital Shipyard

Players

LindyHop - Winner!

  • Race: Zerg Zerg
  • League: Silver

DaBynce

  • Race: Protoss Protoss
  • League: Silver

VOD

Have the link to the VOD?

Description

Time

  • Played on: Dec. 2, 2015, 12:57 a.m.
  • Length: 13:42
Show
View Real Time Build Order
Export as new Build Order

LindyHop Zerg - Winner!

Build Orders: Hatch First 

Get SALT Encoding   

  12  0:01  Drone  
  13  0:09  Drone  
  14  0:34  Hatchery  
  13  0:38  Drone  
  14  0:45  Extractor  
  14  0:47  Drone  
  14  1:01  Spawning Pool  
  13  1:11  Overlord  
  13  1:21  Drone  
  14  1:29  Drone x2  
  16  1:33  Drone  
  17  1:48  Drone  
  17  1:49  Drone  
  17  1:53  Metabolic Boost  
  19  2:02  Zergling x4  
  21  2:09  Zergling x2  
  21  2:10  Zergling x2  
  23  2:19  Queen  
  25  2:26  Zergling x4  
  25  2:29  Zergling x2  
  28  2:36  Overlord  
  28  2:54  Evolution Chamber  
  27  3:09  Zergling x6  
  27  3:10  Zergling x6  
  30  3:47  Queen  
  30  3:48  Hatchery  
  31  3:49  Drone x3  
  31  3:50  Baneling Nest  
  33  4:11  Overlord  
  33  4:24  Zerg Ground Armor Level 1  
  33  4:27  Drone x3, Extractor  
  35  4:32  Drone x3  
  38  5:00  Lair  
  38  5:02  Drone x2  
  38  5:03  Drone x5  
  45  5:08  Pneumatized Carapace  
  45  5:33  Drone x5, Extractor  
  45  5:34  Extractor  
  47  5:44  Drone x2  
  47  5:45  Overlord  
  47  5:46  Overlord x2  
  49  6:07  Drone x3  
  49  6:08  Drone x2  
  49  6:09  Roach Warren  
  53  6:29  Spire  
  52  6:54  Drone  
  52  6:55  Drone x5  
  62  7:01  Roach x4  
  66  7:26  Ravager  
  66  7:27  Overlord x2, Ravager  
  66  7:28  Overlord  
  68  7:34  Drone  
  68  7:35  Drone x5  
  74  7:37  Overlord x2  
  74  7:56  Mutalisk x6  
  85  8:01  Queen  
  85  8:02  Mutalisk x2  
  85  8:03  Hatchery  
  90  8:09  Mutalisk  
  90  8:10  Mutalisk x4  
  90  8:12  Zergling x2  
  101  8:16  Zergling x2  
  101  8:17  Zergling x4  
  104  8:25  Mutalisk  
  106  8:28  Zergling x4  
  106  8:29  Overlord  
  106  8:34  Spine Crawler  
  106  8:35  Spine Crawler  
  106  8:41  Zergling x6  
  106  8:44  Zergling x2  
  106  8:45  Zergling x8  
  106  8:47  Overlord x2  
  111  8:58  Mutalisk x2  
  111  8:59  Mutalisk x2  
  119  9:06  Roach x2  
  119  9:09  Extractor  
  122  9:12  Extractor  
  122  9:15  Roach  
  122  9:16  Roach x3  
  129  9:23  Mutalisk  
  131  9:25  Overlord x2  
  80  10:08  Mutalisk  
  80  10:09  Mutalisk x4  
  80  10:10  Zergling x12  
  80  10:11  Zergling x12  
  96  10:15  Mutalisk  
  96  10:17  Zergling x2  
  99  10:36  Hatchery  
  99  10:41  Zerg Melee Weapons Level 1  
  98  10:43  Zerg Flyer Weapons Level 1  
  98  10:48  Drone x8  
  106  11:31  Mutalisk x6  
  106  11:32  Extractor  
  117  11:33  Extractor  
  107  12:14  Zergling x8  
  107  12:15  Zergling x12  
  110  12:24  Zergling x2  
  111  12:49  Drone  
  111  12:50  Drone x4  
  111  12:51  Drone  
  117  13:04  Infestation Pit  
  116  13:13  Spine Crawler  
  116  13:14  Spine Crawler  
  116  13:16  Spore Crawler  
Show
View Real Time Build Order
Export as new Build Order

DaBynce Protoss 

Build Orders:  

Get SALT Encoding   

  12  0:01  Probe (Chrono Boost)  
  13  0:11  Probe (Chrono Boost)  
  14  0:22  Pylon  
  14  0:26  Probe (Chrono Boost)  
  15  0:40  Probe (Chrono Boost)  
  15  0:41  Gateway  
  16  0:51  Probe (Chrono Boost)  
  16  0:52  Assimilator  
  17  1:02  Probe (Chrono Boost)  
  18  1:12  Probe (Chrono Boost)  
  19  1:31  Cybernetics Core  
  19  1:35  Zealot  
  19  1:38  Probe (Chrono Boost)  
  22  1:49  Nexus  
  22  1:57  Pylon  
  22  2:04  Assimilator  
  24  2:16  Mothership Core (Chrono Boost)  
  24  2:31  Pylon  
  24  2:34  Probe (Chrono Boost)  
  25  2:45  Probe (Chrono Boost)  
  26  2:52  Adept  
  26  2:55  Warp Gate (Chrono Boost)  
  28  3:03  Gateway  
  28  3:06  Gateway  
  28  3:07  Probe  
  28  3:09  Probe  
  30  3:17  Gateway  
  30  3:21  Pylon  
  30  3:34  Robotics Facility  
  30  3:37  Probe  
  30  3:39  Probe  
  32  3:48  Assimilator  
  32  3:56  Probe  
  32  3:57  Probe  
  32  3:59  Sentry  
  34  4:15  Probe  
  34  4:17  Probe  
  36  4:25  Sentry, Probe  
  36  4:29  Probe  
  40  4:37  Twilight Council, Observer  
  45  4:57  Stalker x2  
  47  5:01  Stalker  
  47  5:04  Probe  
  47  5:05  Probe  
  49  5:15  Probe, Assimilator  
  49  5:17  Probe  
  51  5:25  Probe  
  52  5:29  Stalker x4  
  60  5:37  Nexus  
  60  5:43  Blink (Chrono Boost)  
  60  5:47  Probe  
  60  5:48  Probe  
  62  6:06  Pylon  
  62  6:07  Pylon  
  62  6:15  Pylon  
  62  6:21  Pylon  
  62  6:22  Probe  
  62  6:24  Probe  
  64  6:34  Zealot  
  64  6:35  Zealot x3  
  72  6:52  Gateway  
  72  6:55  Gateway, Probe  
  72  6:59  Stalker x4  
  81  7:06  Probe  
  82  7:10  Forge  
  82  7:14  Forge  
  82  7:17  Probe  
  83  7:35  Warp Prism (Chrono Boost)  
  85  7:43  Pylon  
  85  7:44  Stalker x4  
  85  7:50  Protoss Ground Weapons Level 1 (Chrono Boost)  
  93  7:58  Stalker x2  
  95  8:04  Probe  
  97  8:10  Probe, Assimilator  
  97  8:12  Probe  
  100  8:16  Stalker x4  
  108  8:32  Stalker x2  
  112  8:55  Zealot x4  
  116  9:00  Probe  
  116  9:02  Pylon  
  117  9:03  Pylon  
  117  9:06  Assimilator  
  117  9:13  Pylon  
  117  9:19  Probe, Pylon  
  117  9:20  Pylon  
  117  9:23  Pylon  
  117  9:24  Photon Cannon x2  
  118  9:25  Photon Cannon  
  118  9:26  Protoss Ground Armor Level 1 (Chrono Boost)  
  118  9:28  Sentry x2  
  118  9:29  Sentry x2  
  126  9:38  Stalker x2  
  92  10:05  Stalker  
  92  10:06  Stalker x2  
  83  10:28  Stalker x3  
  89  10:38  Probe  
  89  10:40  Probe x2  
  92  10:55  Photon Cannon  
  92  10:57  Stalker  
  92  11:00  Sentry  
  96  11:10  Zealot  
  98  11:12  Zealot  
  100  11:19  Stalker  
  102  11:30  Photon Cannon  
  102  11:33  Pylon  
  102  11:45  Zealot x2  
  102  12:13  Stalker x3  
  101  12:45  Pylon  
  101  12:46  Pylon  
  101  12:48  Pylon  
  101  12:49  Pylon  
  101  12:54  Pylon  
  101  13:01  Probe  
  101  13:03  Probe  
  103  13:08  Stalker x2  
  103  13:12  Probe  
  107  13:15  Probe  
  79  13:27  Probe  
Tags
 
Add a new tag
Caveats
  • Supply blocks, unpowered buildings, or Contaminate may cause inaccurate times.
  • Supply counts are checked every 10 seconds.